 Dungeon Crawl Stone Soup version 0.19.0-2-gae57169 (webtiles) character file.

3 l0ser140 the Conjurer (level 1, -2/14 HPs)
             Began as a Draconian Conjurer on Nov 3, 2016.
             Slain by an ooze (4 damage)
             ... on level 1 of the Dungeon.
             The game lasted 00:01:41 (34 turns).

l0ser140 the Conjurer (Draconian Conjurer)            Turns: 34, Time: 00:01:42

Health: -2/14      AC:  4    Str: 10    XL:     1   Next: 41%
Magic:  1/3        EV: 12    Int: 15    God:
Gold:   0          SH:  0    Dex: 11    Spells: 1 memorised, 3 levels left

rFire  . . .     SeeInvis .     (no weapon)
rCold  . . .     Gourm    .     (armour unavailable)
rNeg   . . .     Faith    .     (no shield)
rPois  .         Spirit   .     (helmet restricted)
rElec  .         Reflect  .     (no cloak)
rCorr  .         Harm     .     (no gloves)
MR     .....                    (no boots)
Stlth  ++........               (no amulet)
                                (no ring)
                                (no ring)

@: no status effects
A: unfitting armour, cold-blooded, AC +4
a: no special abilities


You were on level 1 of the Dungeon.
You were not hungry.

You visited 1 branch of the dungeon, and saw 1 of its levels.

Inventory:

Books
 a - a book of Conjurations

   Spells                             Type                      Level
   a - Magic Dart                     Conjuration                  1
   b - Searing Ray                    Conjuration                  2
   c - Dazzling Spray                 Conjuration/Hexes            3
   d - Fulminant Prism                Conjuration/Hexes            4
   e - Iskenderun's Mystic Blast      Conjuration                  4
   f - Iskenderun's Battlesphere      Conjuration/Charms           5
Comestibles
 b - a bread ration


   Skills:
 + Level 1.9 Dodging
 - Level 1.7 Stealth
 - Level 2.0 Spellcasting
 + Level 4.1 Conjurations


You had 3 spell levels left.
You knew the following spells:

 Your Spells              Type           Power        Failure   Level  Hunger
y - Magic Dart            Conj           ##..         4%          1    #......


Dungeon Overview and Level Annotations

Branches:
Dungeon (1/15)

Altars:


Innate Abilities, Weirdness & Mutations

Your plain brown scales are hard. (AC +4)
You cannot fit into any form of body armour.
You are cold-blooded and may be slowed by cold attacks.


Message History

The magic dart hits the jackal.
The jackal is severely wounded.
The jackal bites you but does no damage.
Casting: Magic Dart
Confirm with . or Enter, or press ? or * to list all spells.
Aiming: Magic Dart
Press: ? - help, Shift-Dir - straight line, f/p - jackal
Aim: a jackal (severely wounded)
The magic dart hits the jackal.
You kill the jackal!
The jackal barely misses you.
Casting: Magic Dart
Confirm with . or Enter, or press ? or * to list all spells.
Aiming: Magic Dart
Press: ? - help, Shift-Dir - straight line, f - jackal
Aim: a jackal The magic dart hits the jackal.
You kill the jackal!
The rat bites you but does no damage.
Casting: Magic Dart
Confirm with . or Enter, or press ? or * to list all spells.
You don't have enough magic to cast that spell.
Unknown command.
The rat bites you but does no damage. The rat barely misses you.
The rat misses you. The rat bites you.
Damage: -7%(-1hp) hp: 58%(8hp)
You hit the rat.
The rat is moderately wounded.
The rat bites you.
* * * LOW HITPOINT WARNING * * *
Huge Dmg: -22%(-3hp) hp: 36%(5hp)
You hit the rat but do no damage.
The rat is moderately wounded.
The rat bites you.
* * * LOW HITPOINT WARNING * * *
Huge Dmg: -21%(-3hp) hp: 15%(2hp)
You hit the rat.
The rat is severely wounded.
The rat bites you but does no damage.
Unknown command.
You hit the rat.
You kill the rat!
You barely miss the ooze.
Your tail-slap misses the ooze.
The ooze barely misses you.
You hit the ooze. You tail-slap the ooze.
The ooze is moderately wounded.
The ooze hits you.
You die...

######
#.α>.###
#....#.#
#....#δ#
#....#J#
#....#.#
#.######.....#
#..$.........#
#..####J######
#.. .#.# #" .#


You could see an ooze.

Vanquished Creatures
  2 jackals (D:1)
  A rat (D:1)
3 creatures vanquished.

Notes
Turn   | Place    | Note
-------+----------+-------------------------------------------
     0 | D:1      | l0ser140 the Draconian Conjurer began the quest for the Orb.
     0 | D:1      | Reached XP level 1. HP: 14/14 MP: 3/3
    21 | D:1      | Huge Dmg: 3 Dmg
    30 | D:1      | Huge Dmg: 3 Dmg
    31 | D:1      | Huge Dmg: 3 Dmg
    34 | D:1      | Slain by an ooze

Action                   || total
-------------------------++-------
Melee: Unarmed           ||    14
       Tailslap          ||     2
 Cast: Magic Dart        ||     3
 Stab: Sleeping          ||     1
Armor: Skin              ||     9
Dodge: Dodged            ||    10

Vault maps used:
D:1:      dpeg_arrival_fog, minmay_tetromino_t4
